 Dungeon Crawl Stone Soup version 0.27-a0-1273-gec92ba881d (webtiles) character file.

Game seed: 1520071705445444758

75 mordus the Poker (level 4, 0/40 HPs)
             Began as a Draconian Monk on June 11, 2021.
             Slain by a gnoll
             ... wielding a +0 whip
              (6 damage)
             ... on level 2 of the Dungeon.
             The game lasted 00:01:54 (1767 turns).

mordus the Poker (Draconian Monk)                   Turns: 1767, Time: 00:01:55

Health: 0/40       AC:  5    Str: 14    XL:     4   Next: 11%
Magic:  4/4        EV: 12    Int: 10    God:
Gold:   88         SH:  0    Dex: 14    Spells: 3/3 levels left

rFire    . . .     SeeInvis .   a - +0 spear
rCold    . . .     Faith    .   (no shield)
rNeg     . . .     Spirit   .   (armour unavailable)
rPois    .         Reflect  .   (helmet restricted)
rElec    .         Harm     .   (no cloak)
rCorr    .         Rampage  .   (no gloves)
Will     .....                  (no boots)
Stlth    ++........             (no amulet)
HPRegen  0.13/turn              (no ring)
MPRegen  0.09/turn              (no ring)

@: no status effects
A: AC +5, unfitting armour, cold-blooded
a: no special abilities


You were on level 2 of the Dungeon.
You visited 1 branch of the dungeon, and saw 2 of its levels.

You collected 88 gold pieces.

Inventory:

Hand Weapons
 a - a +0 spear (weapon)
Jewellery
 h - a +6 ring of strength
Scrolls
 b - a scroll of brand weapon {unknown}
 c - a scroll of amnesia {unknown}
 d - 3 scrolls of identify {unknown}
 e - a scroll of magic mapping {unknown}
 f - a scroll of fear {unknown}
 i - a scroll of noise {unknown}
Potions
 g - a potion of ambrosia {unknown}
 j - a potion of resistance {unknown}


   Skills:
 + Level 4.1 Fighting
 * Level 4.4 Polearms
 - Level 2.6 Dodging
 - Level 1.7 Stealth


You had 3 spell levels left.
You didn't know any spells.
Your spell library was empty.

Dungeon Overview and Level Annotations

Branches:
Dungeon (2/15)

Altars:


Innate Abilities, Weirdness & Mutations

Your plain brown scales are hard. (AC +5)
You cannot fit into any form of body armour.
You are cold-blooded and may be slowed by cold attacks.


Message History

The gnoll hits you with a +0 whip.
You hit the goblin.
Your tail-slap misses the goblin.
The goblin is heavily wounded.
The goblin hits you but does no damage. The gnoll hits you but does no damage.
You closely miss the goblin.
The goblin is heavily wounded.
The goblin hits you but does no damage. The gnoll closely misses you.
You closely miss the goblin.
The goblin is heavily wounded.
The gnoll barely misses you. The goblin misses you.
You hit the goblin.
The goblin is severely wounded.
The goblin barely misses you. The gnoll hits you but does no damage.
You barely miss the goblin.
The goblin is severely wounded.
You hit the goblin.
You kill the goblin!
The gnoll hits you with a +0 whip.
You see here a +0 club.
You closely miss the gnoll. The gnoll hits you with a +0 flail.
The gnoll hits you with a +0 whip!
* * * LOW HITPOINT WARNING * * *
The gnoll hits you from afar with a +0 halberd.
* * * LOW HITPOINT WARNING * * *
The gnoll barely misses you.
You see here a +0 club.
The gnoll hits you with a +0 whip!
* * * LOW HITPOINT WARNING * * *
The gnoll barely misses you. The gnoll misses you.
Found a scroll labelled GASICU YDYER.
Found a stone staircase leading down.
You see here a +0 club.
The gnoll misses you.
You open the door. The gnoll barely misses you.
There is an open door here.
There is an open door, spattered with blood here.
You barely miss the gnoll.
Your tail-slap misses the gnoll.
The gnoll misses you.
You barely miss the gnoll. The gnoll hits you with a +0 whip.
You die...

....# #.# ##...## ###.#
#.### ##.....## ###.#
##.#.######g......#
....#####|.......#.........#
.................g.$.......+
#########.....##.#.........#
# #..#.###g##.......## #
#.....##g###.....## #
#.###.##@# ##...## # #.#
.##.# #+## # #.# .##.# # #..
..# # ###


You could see 3 gnolls.

Vanquished Creatures
  A gnoll (D:2)
  An adder (D:2)
  A worm (D:2)
  A dart slug (D:2)
  4 ball pythons
  4 endoplasms
  2 giant cockroaches
  4 goblins
  6 hobgoblins (D:1)
  8 jackals
  4 quokkas
  2 bats
  A frilled lizard (D:1)
  A kobold (D:1)
  5 rats
45 creatures vanquished.

Notes
Turn   | Place    | Note
-------+----------+-------------------------------------------
     0 | D:1      | mordus the Draconian Monk began the quest for the Orb.
     0 | D:1      | Reached XP level 1. HP: 19/19 MP: 1/1
   170 | D:1      | Reached XP level 2. HP: 16/26 MP: 2/2
   997 | D:2      | Reached XP level 3. HP: 32/33 MP: 3/3
  1722 | D:2      | Reached XP level 4. HP: 31/40 MP: 4/4
  1736 | D:2      | HP: 2/40 [gnoll/+0 whip (7)]
  1767 | D:2      | Slain by a gnoll

Illustrated notes

Levels and vault maps discovered:
D:1:      mainiacjoe_arrival_reflecting_pool, layout_basic
D:2:      layout_loops_corners, small_statue_intersection, st_stairs_2

Skill      XL: |  1  2  3 |
---------------+----------+-----
Polearms       | 4 |  4.4
Fighting       | 4 |  4.1
Dodging        | |  2.6
Stealth        | |  1.7

Action                   |  1- 3 |  4- 6 || total
-------------------------+-------+-------++-------
Melee: Spear             |   177 |    12 ||   189
       Tailslap          |    19 |       ||    19
 Stab: Sleeping          |     7 |       ||     7
Armor: Skin              |    35 |     4 ||    39
Dodge: Dodged            |    84 |    12 ||    96

Table legend: (Time is in decaauts)
 A = Elapsed time spent in this place.
 B = Non-inter-level travel time spent in this place.
 C = Inter-level travel time spent in this place.
 D = Time resting spent in this place.
 E = Time spent auto-exploring this place.
 F = Levels seen in this place.
 G = Mean time per level.
                   A        B        C        D        E       F      G
               +--------+--------+--------+--------+--------+-----+--------+
         Total |   1750 |   1750 |      0 |    283 |   1120 |   2 |  875.0 |
       Dungeon |   1750 |   1750 |      0 |    283 |   1120 |   2 |  875.0 |
               +--------+--------+--------+--------+--------+-----+--------+

Top non-repeatable levels by time:
     D:1: 967 daAuts
     D:2: 782 daAuts
